 Dungeon Crawl Stone Soup version 0.30-a0-46-g5a63ccc183 (webtiles) character file.

Game seed: 13549578089981228721

4188 Newt the Slasher (level 10, -5/76 HPs)
             Began as a Demonspawn Gladiator on Sept 1, 2022.
             Was a High Priest of Okawaru.
             Succumbed to an orc warrior's poison
             ... on level 7 of the Dungeon.
             The game lasted 00:14:42 (10296 turns).

Newt the Slasher (Demonspawn Gladiator)            Turns: 10296, Time: 00:14:42

Health: -5/76      AC: 15    Str: 19    XL:     10   Next: 8%
Magic:  1/19       EV:  9    Int:  9    God:    Okawaru [*****.]
Gold:   335        SH:  0    Dex: 15    Spells: 9/9 levels left

rFire   . . .      SeeInvis +    q - +1 scimitar
rCold   . . .      Faith    .    (no shield)
rNeg    . . .      Spirit   +    g - +2 chain mail {Will+}
rPois   .          Reflect  .    (helmet unavailable)
rElec   .          Harm     .    m - +0 cloak
rCorr   .          Rampage  .    (no gloves)
Will    +....                    (no boots)
Stlth   ..........               k - amulet of guardian spirit
HPRegen 0.22/turn                e - +4 ring of slaying
MPRegen 0.16/turn                r - ring of magical power

@: lethally poisoned (-5 -> -30)
A: antennae 3, slimy green scales 1, powered by pain 2
a: Renounce Religion, Heroism, Finesse, Duel


You were on level 7 of the Dungeon.
You worshipped Okawaru.
Okawaru was extremely pleased with you.
You visited 2 branches of the dungeon, and saw 9 of its levels.

You collected 335 gold pieces.

Inventory:

Hand Weapons
 a - a +0 rapier
 q - a +1 scimitar (weapon)
Missiles
 t - 3 javelins (quivered)
 v - 33 poisoned darts
 z - 6 curare-tipped darts
Armour
 b - a +0 leather armour
 c - a +0 helmet
 f - a +0 crystal plate armour
 g - a +2 chain mail of willpower (worn)
 m - a +0 cloak (worn)
 u - a +0 pair of boots
Jewellery
 e - a +4 ring of slaying (left hand)
 k - an amulet of guardian spirit (around neck)
 r - a ring of magical power (right hand)
Wands
 x - a wand of roots (11)
Scrolls
 h - a scroll of fog
 o - 2 scrolls of teleportation
 y - a scroll of fear
 B - a scroll of identify
Potions
 d - 5 potions of lignification
 j - 4 potions of attraction
 l - a potion of berserk rage
 n - 2 potions of brilliance
 p - 2 potions of heal wounds
 s - a potion of mutation {unknown}
 w - a potion of ambrosia {unknown}
 A - a potion of invisibility {unknown}


   Skills:
 - Level 6.0 Fighting
 - Level 2.6(5.6) Short Blades
 - Level 7.7(8.0) Long Blades
 - Level 5.0 Throwing
 + Level 5.9 Armour
 - Level 4.0 Dodging
 - Level 0.8 Stealth
 - Level 5.0 Evocations


You had 9 spell levels left.
You didn't know any spells.
Your spell library contained the following spells:

 Spells                   Type           Power      Damage    Failure   Level
 Static Discharge         Conj/Air       0%         3-3/arc   99%         2
 Sublimation of Blood     Necr           0%         N/A       99%         2
 Wereblood                Tmut           0%         N/A       99%         2
 Gell's Gravitas          Tloc           0%         N/A       100%        3
 Lesser Beckoning         Tloc           0%         N/A       100%        3
 Teleport Other           Tloc           0%         N/A       100%        3
 Lightning Bolt           Conj/Air       0%         1d11      100%        5
 Maxwell's Capacitive Co  Air            0%         ∞         100%        8
 Summon Hydra             Summ           Unusable   N/A       N/A         7

Dungeon Overview and Level Annotations

Branches:
Dungeon (8/15)             Temple (1/1) D:4
   Lair: D:8-11

Altars:
Ashenzari
Cheibriados
Dithmenos
Fedhas
Gozag
Hepliaklqana
Kikubaaqudgha
Makhleb
Nemelex Xobeh
Okawaru
Qazlal
Ru
Sif Muna
Trog
Uskayaw
Vehumet
Wu Jian
Xom
Yredelemnul

Shops:
D:7 [


Innate Abilities, Weirdness & Mutations

You have a pair of large antennae on your head. (SInv)
You are partially covered in slimy green scales. (AC +2)
You sometimes gain power by taking damage.


Message History

The orc is heavily wounded.
You feel sick. The orc completely misses you.
The orc warrior barely misses you.
You slash the orc!
You kill the orc!
Okawaru accepts your kill.
You feel sick.
The orc warrior hits you from afar with a +1 glaive of venom!
* * * LOW HITPOINT WARNING * * *
You are lethally poisoned!
You feel better.
The orc warrior hits you from afar with a +1 glaive of venom!
* * * LOW HITPOINT WARNING * * *
You are poisoned.
You feel better.
The orc warrior hits you from afar with a +1 glaive of venom.
* * * LOW HITPOINT WARNING * * *
You are poisoned.
You feel sick.
You feel sick.
You feel sick.
You feel sick.
You feel sick.
Throw: 3 javelins
Press: ? - help, Q - select action, (/) - cycle Shift-Dir - straight line, f - orc warrior
Aim: an orc warrior, wielding a +1 glaive of venom and wearing a +0 plate armour (68% to hit)
Okay, then.
Okay, then.
You feel sick.
You feel sick.
You are no longer poisoned.
There is an open door here.
There is an open door here.
There is a stone staircase leading up here.
The howler monkey hoots and howls with incredible vigour!
The orc warrior hits you from afar with a +1 glaive of venom!
* * * LOW HITPOINT WARNING * * *
You are lethally poisoned!
You climb upwards.
You die...

#######....############
#.....'....##.......... #######
#.#####....##.#####.... #.....#
#.# #....##.# #.... #.....# #.#
##....##.#####....
#.....###.####.....##...(.#....
#.....'............'......#....
#.....##...........######.#.)..
#.....##..###.@....'......+....
#.....##..# #......######.#....
#.....##..# #..##########.##...
#.....##..###..######...#.##.#.
#...................+...+......
#......##.###...#####...#.##.##
######.##.....[...........##.##
#.#.......................
##'#..####..#####.##..##.#.


There were no monsters in sight!

Vanquished Creatures
  The ghost of chakani the Slicer, a novice VSBr of Makhleb (D:8)
  The ghost of Adrian566 the Chopper, a novice GrFi (D:6)
  A komodo dragon (D:7)
  Sigmund (D:5)
  Duvessa (D:6)
  2 sky beasts (D:7)
  An orc warrior (D:8)
  An ice beast (D:7)
  An ogre (D:4)
  A phantom (D:5)
  5 centaurs
  A kobold brigand (D:7)
  2 necrophages
  Blork the orc (D:5)
  A wyvern zombie (D:8)
  4 scorpions
  Dowan (D:6)
  5 killer bees (D:7)
  3 howler monkeys
  5 hounds
  3 orc priests
  A jelly (D:7)
  A gnoll bouda (D:5)
  9 iguanas
  5 orc wizards
  A howler monkey zombie (D:8)
  14 gnolls
  10 adders
  A shadow imp (D:7)
  An ufetubus (D:5)
  A worm (D:4)
  4 dart slugs
  34 orcs
  5 ball pythons
  2 bats
  6 endoplasms
  9 giant cockroaches
  7 goblins
  2 hobgoblins
  3 jackals (D:2)
  6 quokkas
  6 frilled lizards
  19 kobolds
  6 rats (D:1)
195 creatures vanquished.

Vanquished Creatures (others)
  6 fungi
  6 plants (D:7)
12 creatures vanquished.

Grand Total: 207 creatures vanquished

Notes
Turn   | Place    | Note
-------+----------+-------------------------------------------
     0 | D:1      | Newt the Demonspawn Gladiator began the quest for the Orb.
     0 | D:1      | Reached XP level 1. HP: 16/16 MP: 1/1
   126 | D:1      | Reached skill level 1 in Armour
   130 | D:1      | Gained mutation: You have a pair of small antennae on your
                  | head. [demonic ancestry]
   130 | D:1      | Reached XP level 2. HP: 17/22 MP: 2/2
   707 | D:1      | Gained mutation: You have a pair of antennae on your head.
                  | [demonic ancestry]
   707 | D:1      | Reached XP level 3. HP: 25/27 MP: 3/3
  1752 | D:2      | Gained mutation: You are partially covered in slimy green
                  | scales. (AC +2) [demonic ancestry]
  1752 | D:2      | Reached XP level 4. HP: 21/34 MP: 4/4
  2032 | D:2      | Found a faded altar of an unknown god.
  3463 | D:4      | Found an ornate altar of the Wu Jian Council.
  3530 | D:4      | Found a staircase to the Ecumenical Temple.
  3553 | Temple   | Entered the Ecumenical Temple
  3611 | Temple   | Became a worshipper of Warmaster Okawaru
  3643 | D:4      | Noticed an ogre
  3646 | D:4      | Found a shimmering altar of Xom.
  3686 | D:4      | Gained mutation: You sometimes gain a little power by
                  | taking damage. [demonic ancestry]
  3686 | D:4      | Reached XP level 5. HP: 11/42 MP: 5/5
  3995 | D:4      | Found a radiant altar of Vehumet.
  4050 | D:4      | Killed an ogre
  4051 | D:4      | Reached skill level 2 in Long Blades
  4380 | D:5      | Entered Level 5 of the Dungeon
  4383 | D:5      | Noticed Sigmund
  4389 | D:5      | Reached XP level 6. HP: 43/48 MP: 6/6
  4575 | D:4      | Reached skill level 3 in Long Blades
  5019 | D:5      | Killed Sigmund
  5019 | D:5      | Reached * piety under Okawaru
  5020 | D:5      | Reached skill level 4 in Long Blades
  5020 | D:5      | Reached XP level 7. HP: 51/54 MP: 7/7
  5050 | D:5      | Found a burning altar of Makhleb.
  5394 | D:5      | Found a broken altar of Ashenzari.
  5491 | D:5      | Noticed Blork the orc
  5506 | D:5      | Killed Blork the orc
  5747 | D:5      | Reached ** piety under Okawaru
  5819 | D:5      | Reached skill level 5 in Throwing
  5922 | D:5      | Gained mutation: You have a pair of large antennae on your
                  | head. (SInv) [demonic ancestry]
  5922 | D:5      | Reached XP level 8. HP: 58/60 MP: 6/8
  6765 | D:6      | Reached skill level 5 in Armour
  6771 | D:6      | Noticed Adrian566's ghost (novice GrFi)
  6914 | D:6      | Found a transporter.
  6918 | D:6      | Found a transporter.
  7197 | D:6      | Found an opulent altar of Gozag.
  7389 | D:6      | Noticed Duvessa
  7389 | D:6      | Noticed Dowan
  7400 | D:6      | Killed Dowan
  7402 | D:6      | Killed Duvessa
  7402 | D:6      | Reached *** piety under Okawaru
  7403 | D:6      | Reached skill level 5 in Long Blades
  7793 | D:6      | Reached skill level 6 in Long Blades
  7807 | D:6      | Killed Adrian566's ghost
  7807 | D:6      | Reached **** piety under Okawaru
  7808 | D:6      | Reached skill level 7 in Long Blades
  7808 | D:6      | Gained mutation: You sometimes gain power by taking damage.
                  | [demonic ancestry]
  7808 | D:6      | Reached XP level 9. HP: 22/65 MP: 9/9
  8052 | D:7      | Noticed a komodo dragon
  8068 | D:7      | Killed a komodo dragon
  8311 | D:7      | Reached skill level 5 in Fighting
  8821 | D:7      | Reached skill level 1 in Evocations
  9117 | D:7      | Found Taamnon's Antique Armour Shop.
  9840 | D:8      | Found a runed translucent gate.
  9840 | D:8      | Found a runed translucent gate.
  9840 | D:8      | Found a runed translucent gate.
  9840 | D:8      | Noticed chakani's ghost (novice VSBr)
  9847 | D:8      | Found a basalt altar of Yredelemnul.
  9946 | D:8      | Killed chakani's ghost
  9947 | D:8      | Reached skill level 5 in Evocations
  9947 | D:8      | Reached XP level 10. HP: 44/76 MP: 10/10
 10198 | D:8      | Reached ***** piety under Okawaru
 10295 | D:8      | HP: 3/76 [orc warrior/+1 glaive of venom (10)]
 10296 | D:7      | Succumbed to an orc warrior's poison

Illustrated notes

Levels and vault maps discovered:
D:1:      amcnicky_arrival_flooded_fountain, layout_basic,
          minmay_strange_pillars
D:2:      layout_loops_ring, hellmonk_ecumenical_altar_heavens_door,
          minmay_misc_feat_hallway
D:3:      layout_basic
D:4:      layout_rooms, mainiacjoe_overflow_concentric_impassable,
          marbit_many_paths, kennysheep_mini_moat,
          nicolae_tso_swordbearing_angel, mainiacjoe_overflow_boulevard,
          minmay_temple_entry_junction_2
D:5:      layout_rooms, mainiacjoe_overflow_cross_hatched,
          mainiacjoe_overflow_tiny_flanked, portal_sewer_entry_f,
          serial_corexii_hall, chequers_hall_statues_y, chequers_hall_statues_y,
          corexii_hall_statues_t, chequers_hall_statues_wall_a, uniq_sigmund,
          uniq_blork_the_orc
D:6:      layout_cave_pods, nicolae_gozag_seed_capital, gammafunk_ghost_arena,
          uniq_duvessa
D:7:      layout_basic, serial_shops, shop, minmay_lizard_king
D:8:      layout_gridville, nicolae_yredelemnul_ghost_church, special_room
          [special_room_orc], dilly_guarded_unrand_devastator, uniq_erica
Temple:   cyrus_circular_temple

Skill      XL: |  1  2  3  4  5  6  7  8  9 |
---------------+----------------------------+-----
Armour         | 1 2 3 5 |  5.9
Fighting       | 3 4 6 |  6.0
Long Blades    | 2 4 7 |  7.7
Throwing       | 2 5 |  5.0
Dodging        | 4 |  4.0
Evocations     | 5 |  5.0
Short Blades   | |  2.6
Stealth        | |  0.8

Action                   |  1- 3 |  4- 6 |  7- 9 | 10-12 || total
-------------------------+-------+-------+-------+-------++-------
Melee: Rapier            |   125 |   133 |       |       ||   258
       Punch             |     1 |     1 |     9 |     1 ||    12
       Scimitar          |       |    46 |   328 |    15 ||   389
Throw: Javelin           |       |    11 |    23 |     4 ||    38
       Throwing net      |       |     4 |     4 |       ||     8
  Use: Scroll            |     6 |     4 |     9 |       ||    19
       Potion            |       |       |     2 |     2 ||     4
 Stab: Held in net/web   |       |       |     1 |       ||     1
Armor: Crystal plate arm |   122 |    64 |       |       ||   186
       Leather armour    |     4 |       |       |       ||     4
       Chain mail        |       |    74 |   226 |    16 ||   316
       Skin              |       |     3 |       |       ||     3
Dodge: Dodged            |    13 |    50 |   153 |    23 ||   239

Table legend: (Time is in decaauts)
 A = Elapsed time spent in this place.
 B = Non-inter-level travel time spent in this place.
 C = Inter-level travel time spent in this place.
 D = Time resting spent in this place.
 E = Time spent auto-exploring this place.
 F = Levels seen in this place.
 G = Mean time per level.
                   A        B        C        D        E       F      G
               +--------+--------+--------+--------+--------+-----+--------+
         Total |  10375 |  10084 |    291 |   2724 |   5652 |   9 | 1152.8 |
       Dungeon |  10303 |  10033 |    270 |   2724 |   5611 |   8 | 1287.9 |
        Temple |     71 |     50 |     21 |      0 |     41 |   1 |   71.0 |
               +--------+--------+--------+--------+--------+-----+--------+

Top non-repeatable levels by time:
     D:7: 1970 daAuts
     D:2: 1556 daAuts
     D:4: 1543 daAuts
     D:6: 1515 daAuts
     D:5: 1420 daAuts
     D:3: 969 daAuts
     D:1: 861 daAuts
     D:8: 466 daAuts
  Temple: 71 daAuts
